SAA
LONG ISLAND SEAWOLVES @ HELENA GRIZZLIES
09/02/2021
 
TOP OF THE 1ST
Long Island Seawolves batting - Pitching for Helena Grizzlies : LHP Frank Simmons
Pitching: LHP Frank Simmons
Batting: RHB Francisco García 0-0: Ball
1-0: Called Strike
1-1: Ball
2-1: Ball
3-1: Called Strike
3-2: Foul Ball, location: 2F
3-2: Base on Balls
Batting: SHB Jim Unknown 0-0: Foul Ball, location: 2F
0-1: Ball
1-1: Ball
2-1: Ball
3-1: Foul Ball, location: 2F
3-2: Base on Balls
Francisco García to second
Batting: SHB Carroll Kline 0-0: Called Strike
0-1: Ball
1-1: Ball
2-1: Foul Ball, location: 2F
2-2: Ball
3-2: Base on Balls
Francisco García to third
Jim Unknown to second
Batting: RHB António Pérez 0-0: Ball
1-0: Fly out, F9 (Flyball, 9S)
Batting: RHB Roy Clay 0-0: Called Strike
0-1: Ball
1-1: Called Strike
1-2: Foul Ball, location: 2F
1-2: Ball
2-2: Foul Ball, location: 2F
2-2: Ball
3-2: GRAND SLAM HOME RUN (Flyball, 7LD), Distance : 342 ft
Batting: RHB Jim Unknown 0-0: Ball
1-0: Ball
2-0: Ball
3-0: Base on Balls
Batting: SHB Terry Conley 0-0: Called Strike
0-1: Ball
1-1: Foul Ball, location: 2F
1-2: Ball
2-2: Strikes out swinging
Batting: RHB David Morales 0-0: Called Strike
0-1: Ground out U3 (Groundball, 3)
Top of the 1st over - 4 run(s), 1 hit(s), 0 error(s), 1 left on base; Long Island 4 - Helena 0
BOTTOM OF THE 1ST
Helena Grizzlies batting - Pitching for Long Island Seawolves : LHP Jim Unknown
Pitching: LHP Jim Unknown
Batting: RHB Joe Chase 0-0: Ball
1-0: Foul Ball, location: 2F
1-1: Ground out 6-3 (Groundball, 6M)
Batting: RHB David Ramírez 0-0: Called Strike
0-1: Ball
1-1: Swinging Strike
1-2: Hit by Pitch
Batting: RHB Jorge Díaz 0-0: Called Strike
0-1: SINGLE (Groundball, 56D)
David Ramírez to second
Batting: LHB Rufo Flores 0-0: Called Strike
0-1: SINGLE (Flyball, 7S)
David Ramírez to third
Jorge Díaz to second
Batting: SHB Bruce Hunt 0-0: Foul Ball, location: 2F
0-1: Ball
1-1: Grounds into double play, 6-4-3 (Groundball, 6)
Bottom of the 1st over - 0 run(s), 2 hit(s), 0 error(s), 2 left on base; Long Island 4 - Helena 0
TOP OF THE 2ND
Long Island Seawolves batting - Pitching for Helena Grizzlies : LHP Frank Simmons
Batting: RHB Jim Unknown 0-0: Ground out 6-3 (Groundball, 6M)
Batting: RHB Francisco García 0-0: Ball
1-0: Foul Ball, location: 2F
1-1: Ball
2-1: Foul Ball, location: 2F
2-2: Strikes out looking
Batting: SHB Jim Unknown 0-0: Ball
1-0: Ball
2-0: Ground out 6-3 (Groundball, 6M)
Top of the 2nd over - 0 run(s), 0 hit(s), 0 error(s), 0 left on base; Long Island 4 - Helena 0
BOTTOM OF THE 2ND
Helena Grizzlies batting - Pitching for Long Island Seawolves : LHP Jim Unknown
Batting: RHB Octávio Zúñiga 0-0: Ball
1-0: Ball
2-0: Foul Ball, location: 2F
2-1: Swinging Strike
2-2: Ball
3-2: Reached on error, E5 (Groundball, 5F)
Batting: LHB Iván Flores 0-0: Ball
1-0: Ground out U3 (Groundball, 3S)
Octávio Zúñiga to second
Batting: LHB Juan Hernández 0-0: Ball
1-0: Ball
2-0: Ball
3-0: Base on Balls
Batting: RHB Matt Williams 0-0: Ball
1-0: Foul Ball, location: 2F
1-1: Ball
2-1: Ball
3-1: Swinging Strike
3-2: Base on Balls
Octávio Zúñiga to third
Juan Hernández to second
Batting: RHB Joe Chase 0-0: Ball
1-0: Called Strike
1-1: Swinging Strike
1-2: Ball
Error on foul ball, E3
2-2: GRAND SLAM HOME RUN (Flyball, 8LXD), Distance : 432 ft
Batting: RHB David Ramírez 0-0: DOUBLE (Line Drive, 9LM)
Batting: RHB Jorge Díaz 0-0: Called Strike
0-1: Fly out, F2 (Popup, 2RF)
Batting: LHB Rufo Flores 0-0: Foul Ball, location: 2F
0-1: Foul Ball, location: 2F
0-2: Ball
1-2: Foul Ball, location: 2F
1-2: Foul Ball, location: 2F
1-2: Hit by Pitch
Batting: SHB Bruce Hunt 0-0: Ball
1-0: Reached on error, E4 (Groundball, 4)
David Ramírez to third
Rufo Flores to second
Batting: RHB Octávio Zúñiga 0-0: Called Strike
0-1: SINGLE (Groundball, 56)
David Ramírez scores
Rufo Flores to third
Bruce Hunt to second
Runner from 3rd tries for Home, SAFE, throw made home
Batting: LHB Iván Flores 0-0: Ball
1-0: Foul Ball, location: 2F
1-1: Swinging Strike
1-2: Strikes out swinging
Bottom of the 2nd over - 6 run(s), 3 hit(s), 3 error(s), 2 left on base; Long Island 4 - Helena 6
TOP OF THE 3RD
Long Island Seawolves batting - Pitching for Helena Grizzlies : LHP Frank Simmons
Batting: SHB Carroll Kline 0-0: Ball
1-0: Called Strike
Error on foul ball, E2
1-2: Ball
2-2: Ball
3-2: Base on Balls
Batting: RHB António Pérez 0-0: Reached on error, E5 (Groundball, 5S)
Carroll Kline to second
Batting: RHB Roy Clay 0-0: Foul Ball, location: 2F
0-1: Ball
1-1: Ball
2-1: Foul Ball, location: 2F
2-2: Hit by Pitch
Carroll Kline to third
António Pérez to second
Batting: RHB Jim Unknown 0-0: Ball
1-0: Ball
2-0: Called Strike
2-1: Fly out, F8 (Popup, 4MD)
Batting: SHB Terry Conley 0-0: Foul Ball, location: 2F
0-1: Ball
1-1: SINGLE (Line Drive, 78S)
Carroll Kline scores
António Pérez to third
Roy Clay to second
Runner from 3rd tries for Home, SAFE, no throw or cutoff
Batting: RHB David Morales 0-0: Called Strike
0-1: Ball
1-1: Foul Ball, location: 2F
1-2: Ball
Wild Pitch!
Roy Clay to third
Terry Conley to second
2-2: Foul Ball, location: 2F
2-2: Foul Ball, location: 2F
2-2: Foul Ball, location: 2F
2-2: Strikes out swinging
Batting: RHB Jim Unknown 0-0: Ground out 5-3 (Groundball, 56S)
Top of the 3rd over - 2 run(s), 1 hit(s), 2 error(s), 2 left on base; Long Island 6 - Helena 6
BOTTOM OF THE 3RD
Helena Grizzlies batting - Pitching for Long Island Seawolves : LHP Jim Unknown
Batting: LHB Juan Hernández 0-0: Called Strike
0-1: Ball
1-1: Foul Ball, location: 2F
1-2: Ball
2-2: Ball
3-2: Fly out, F9 (Line Drive, 9M)
Batting: RHB Matt Williams 0-0: Called Strike
0-1: DOUBLE (Flyball, 89M)
Batting: RHB Joe Chase 0-0: Ball
1-0: Called Strike
1-1: Called Strike
1-2: Ball
2-2: Ground out 1-3 (Groundball, 15S)
Batting: RHB David Ramírez 0-0: Foul Ball, location: 2F
0-1: Ball
1-1: Foul Ball, location: 2F
1-2: Fly out, F9 (Flyball, 9M)
Bottom of the 3rd over - 0 run(s), 1 hit(s), 0 error(s), 1 left on base; Long Island 6 - Helena 6
TOP OF THE 4TH
Long Island Seawolves batting - Pitching for Helena Grizzlies : LHP Frank Simmons
Batting: RHB Francisco García 0-0: Called Strike
0-1: Fly out, F4 (Popup, 34)
Batting: SHB Jim Unknown 0-0: Called Strike
0-1: Ground out 1-3 (Groundball, 13)
Batting: SHB Carroll Kline 0-0: Ball
1-0: Swinging Strike
1-1: Swinging Strike
1-2: Fly out, F9 (Line Drive, 9LM)
Top of the 4th over - 0 run(s), 0 hit(s), 0 error(s), 0 left on base; Long Island 6 - Helena 6
BOTTOM OF THE 4TH
Helena Grizzlies batting - Pitching for Long Island Seawolves : LHP Jim Unknown
Batting: RHB Jorge Díaz 0-0: Ball
1-0: Foul Ball, location: 2F
1-1: Ball
2-1: Fly out, F7 (Line Drive, 78M)
Batting: LHB Rufo Flores 0-0: Ground out 4-3 (Groundball, 4)
Batting: SHB Bruce Hunt 0-0: Ground out U3 (Groundball, 3)
Bottom of the 4th over - 0 run(s), 0 hit(s), 0 error(s), 0 left on base; Long Island 6 - Helena 6
TOP OF THE 5TH
Long Island Seawolves batting - Pitching for Helena Grizzlies : LHP Frank Simmons
Batting: RHB António Pérez 0-0: Called Strike
0-1: Ball
1-1: Foul Ball, location: 2F
1-2: Foul Ball, location: 2F
1-2: Ball
2-2: Ball
3-2: Ground out 6-3 (Groundball, 6M)
Batting: RHB Roy Clay 0-0: Ball
1-0: Ground out 5-3 (Groundball, 56)
Batting: RHB Jim Unknown 0-0: Ball
1-0: Swinging Strike
1-1: Ball
2-1: Ball
3-1: Foul Ball, location: 2F
3-2: Strikes out looking
Top of the 5th over - 0 run(s), 0 hit(s), 0 error(s), 0 left on base; Long Island 6 - Helena 6
BOTTOM OF THE 5TH
Helena Grizzlies batting - Pitching for Long Island Seawolves : LHP Jim Unknown
Batting: RHB Octávio Zúñiga 0-0: Called Strike
0-1: SINGLE (Groundball, 34D)
Batting: LHB Iván Flores 0-0: Sac Bunt - play at first, batter safe!
Octávio Zúñiga to second
Batting: LHB Juan Hernández 0-0: Foul Ball, location: 2F
0-1: Foul Ball, location: 2F
0-2: Strikes out looking
Batting: RHB Matt Williams 0-0: Swinging Strike
0-1: Foul Ball, location: 2F
0-2: Ball
1-2: Ball
2-2: Fly out, F8 (Flyball, 8RM)
Batting: RHB Joe Chase 0-0: Ground out 5-3 (Groundball, 5L)
Bottom of the 5th over - 0 run(s), 2 hit(s), 0 error(s), 2 left on base; Long Island 6 - Helena 6
TOP OF THE 6TH
Long Island Seawolves batting - Pitching for Helena Grizzlies : LHP Frank Simmons
Pitching: RHP Luis Fernández
Batting: SHB Terry Conley 0-0: Called Strike
0-1: Ball
1-1: Ball
2-1: SINGLE (Groundball, 34D)
Batting: RHB David Morales 0-0: Ball
1-0: Bunted foul
1-1: Bunted foul
1-2: Ball
2-2: 2-RUN HOME RUN (Flyball, 78XD), Distance : 389 ft
Batting: RHB Jim Unknown 0-0: Ball
1-0: Called Strike
1-1: Ball
2-1: Swinging Strike
2-2: Foul Ball, location: 2F
2-2: Strikes out swinging
Batting: RHB Francisco García 0-0: Swinging Strike
0-1: Ball
1-1: Foul Ball, location: 2F
1-2: Foul Ball, location: 2F
1-2: Strikes out swinging
Batting: SHB Jim Unknown 0-0: Called Strike
0-1: Ball
1-1: SINGLE (Groundball, 34D)
Batting: SHB Carroll Kline 0-0: Ball
1-0: Ball
2-0: Ball
Wild Pitch!
Jim Unknown to second
3-0: Called Strike
3-1: Called Strike
3-2: Strikes out swinging
Top of the 6th over - 2 run(s), 3 hit(s), 0 error(s), 1 left on base; Long Island 8 - Helena 6
BOTTOM OF THE 6TH
Helena Grizzlies batting - Pitching for Long Island Seawolves : LHP Jim Unknown
Batting: RHB David Ramírez 0-0: Ball
1-0: Swinging Strike
1-1: Fly out, F8 (Popup, 4D)
Batting: RHB Jorge Díaz 0-0: Called Strike
0-1: SINGLE (Line Drive, 6M)
Pitching: RHP Jim Unknown
Batting: LHB Rufo Flores 0-0: Called Strike
0-1: Ball
1-1: Fly out, F6 (Popup, 6M)
Batting: SHB Bruce Hunt 0-0: Fly out, F9 (Flyball, 9S)
Bottom of the 6th over - 0 run(s), 1 hit(s), 0 error(s), 1 left on base; Long Island 8 - Helena 6
TOP OF THE 7TH
Long Island Seawolves batting - Pitching for Helena Grizzlies : RHP Luis Fernández
Batting: RHB António Pérez 0-0: Ball
1-0: Ground out 4-3 (Groundball, 4M)
Batting: RHB Roy Clay 0-0: Foul Ball, location: 2F
0-1: Ball
1-1: Ball
2-1: Called Strike
2-2: Ball
3-2: Strikes out looking
Batting: RHB Jim Unknown 0-0: Ball
1-0: Called Strike
1-1: Foul Ball, location: 2F
1-2: Strikes out looking
Top of the 7th over - 0 run(s), 0 hit(s), 0 error(s), 0 left on base; Long Island 8 - Helena 6
BOTTOM OF THE 7TH
Helena Grizzlies batting - Pitching for Long Island Seawolves : RHP Jim Unknown
Batting: RHB Octávio Zúñiga 0-0: Swinging Strike
0-1: Ball
1-1: Foul Ball, location: 2F
1-2: SINGLE (Groundball, 34)
Batting: LHB Iván Flores 0-0: Ball
1-0: Bunted foul
1-1: Bunted foul
1-2: Foul Ball, location: 2F
1-2: Foul Ball, location: 2F
1-2: Strikes out swinging
Batting: LHB Juan Hernández 0-0: Swinging Strike
0-1: Foul Ball, location: 2F
0-2: Ball
1-2: Foul Ball, location: 2F
1-2: Ball
2-2: Ball
3-2: Fly out, F6 (Popup, 6)
Batting: RHB Matt Williams 0-0: Ball
1-0: Ground out 6-3 (Groundball, 6)
Bottom of the 7th over - 0 run(s), 1 hit(s), 0 error(s), 1 left on base; Long Island 8 - Helena 6
TOP OF THE 8TH
Long Island Seawolves batting - Pitching for Helena Grizzlies : RHP Luis Fernández
Pitching: RHP John Corbin
Batting: SHB Terry Conley 0-0: Ground out 4-3 (Groundball, 4)
Batting: RHB David Morales 0-0: Swinging Strike
0-1: Ball
1-1: DOUBLE (Line Drive, 7LM)
Batting: RHB Jim Unknown 0-0: Ball
1-0: Called Strike
1-1: Fly out, F5 (Popup, 5F)
Batting: RHB Francisco García 0-0: Swinging Strike
0-1: Ball
1-1: Foul Ball, location: 2F
1-2: Strikes out swinging
Top of the 8th over - 0 run(s), 1 hit(s), 0 error(s), 1 left on base; Long Island 8 - Helena 6
BOTTOM OF THE 8TH
Helena Grizzlies batting - Pitching for Long Island Seawolves : RHP Jim Unknown
Batting: RHB Joe Chase 0-0: Called Strike
0-1: Foul Ball, location: 2F
0-2: Foul Ball, location: 2F
0-2: Fly out, F8 (Flyball, 8LD)
Batting: RHB David Ramírez 0-0: Ball
1-0: Fly out, F6 (Popup, 6)
Batting: RHB Jorge Díaz 0-0: Called Strike
0-1: Ground out 5-3 (Groundball, 56)
Bottom of the 8th over - 0 run(s), 0 hit(s), 0 error(s), 0 left on base; Long Island 8 - Helena 6
TOP OF THE 9TH
Long Island Seawolves batting - Pitching for Helena Grizzlies : RHP John Corbin
Batting: SHB Jim Unknown 0-0: Ball
1-0: Swinging Strike
1-1: Swinging Strike
1-2: Foul Ball, location: 2F
1-2: Ball
2-2: Ball
3-2: Foul Ball, location: 2F
3-2: Base on Balls
Batting: SHB Carroll Kline 0-0: Called Strike
0-1: 2-RUN HOME RUN (Line Drive, 9D), Distance : 403 ft
Pitching: LHP Ronaldo Rey
Batting: RHB António Pérez 0-0: Ground out 6-3 (Groundball, 6M)
Batting: RHB Roy Clay 0-0: Ball
1-0: Called Strike
1-1: Swinging Strike
1-2: Ground out 4-3 (Groundball, 34)
Batting: RHB Jim Unknown 0-0: Ball
1-0: Ball
2-0: Called Strike
2-1: Ball
3-1: Base on Balls
Batting: SHB Terry Conley 0-0: Called Strike
0-1: Swinging Strike
0-2: Ball
1-2: Ball
2-2: Reached on error, E6 (Groundball, 6)
Jim Unknown to third
Batting: RHB David Morales 0-0: Foul Ball, location: 2F
0-1: Ball
1-1: Swinging Strike
1-2: Strikes out swinging
Top of the 9th over - 2 run(s), 1 hit(s), 1 error(s), 2 left on base; Long Island 10 - Helena 6
BOTTOM OF THE 9TH
Helena Grizzlies batting - Pitching for Long Island Seawolves : RHP Jim Unknown
Pitching: RHP Jim Unknown
Batting: LHB Rufo Flores 0-0: Called Strike
0-1: Ball
1-1: Swinging Strike
1-2: Foul Ball, location: 2F
1-2: Strikes out swinging
Batting: SHB Bruce Hunt 0-0: Ground out U3 (Groundball, 3L)
Batting: RHB Octávio Zúñiga 0-0: Ball
1-0: Ball
2-0: SINGLE (Popup, 6MD)
Batting: LHB Iván Flores 0-0: Ball
1-0: Ball
2-0: Ball
3-0: Called Strike
3-1: Base on Balls
Octávio Zúñiga to second
Batting: LHB Juan Hernández 0-0: Swinging Strike
0-1: Swinging Strike
0-2: Strikes out swinging
Bottom of the 9th over - 0 run(s), 1 hit(s), 0 error(s), 2 left on base; Long Island 10 - Helena 6
This league is powered by Out of the Park Baseball, the baseball management simulation game for PC, Mac and Linux
Friday, January 22nd, 2016 - OOTP Baseball 16.9 Build 39